 Seeded DCSS version 0.30-a0-920-g7493c07aab (webtiles) character file.

Game seed: 18446744073709551615 (custom seed)

79 Juicyj the Chopper (level 4, 0/35 HPs)
             Began as a Formicid Gladiator on Mar 21, 2023.
             Slain by a frilled lizard (2 damage)
             ... in a sewer.
             The game lasted 00:02:31 (2024 turns).

Juicyj the Chopper (Formicid Gladiator)             Turns: 2024, Time: 00:02:31

Health: 0/35       AC:  3    Str: 21    XL:     4   Next: 64%
Magic:  4/4        EV: 13    Int:  7    God:
Gold:   67         SH:  0    Dex: 15    Spells: 3/3 levels left

rFire   . . .      SeeInvis +    a - +0 war axe
rCold   . . .      Faith    .    (no shield)
rNeg    . . .      Spirit   .    b - +0 leather armour
rPois   .          Reflect  .    (helmet unavailable)
rElec   .          Rampage  .    (no cloak)
rCorr   .                        (no gloves)
Will    .....                    (no boots)
Stlth   +                        (no amulet)
HPRegen 0.25/turn                (no ring)
MPRegen 0.09/turn                (no ring)

@: very slow
A: permanent stasis, dig shafts and tunnels, antennae 3, four strong arms
a: Dig


You were in a sewer.
You visited 1 branch of the dungeon, and saw 3 of its levels.
You also visited: Sewer.

You collected 67 gold pieces.

Inventory:

Hand Weapons
 a - a +0 war axe (weapon)
Missiles
 c - 3 throwing nets (quivered)
 d - a javelin
Armour
 b - a +0 leather armour (worn)
Scrolls
 f - 3 scrolls of identify {unknown}
 i - a scroll of torment {unknown}
 j - a scroll of immolation {unknown}
 k - 2 scrolls of magic mapping {unknown}
 l - 2 scrolls of noise {unknown}
 n - a scroll of blinking {unknown}
 o - a scroll of summoning {unknown}
 p - a scroll of poison {unknown}
 q - a scroll of enchant weapon {unknown}
 r - a scroll of vulnerability {unknown}
 s - a scroll of teleportation {unknown}
Potions
 e - 2 potions of curing {unknown}
 g - 5 potions of degeneration {unknown}
 h - a potion of might {unknown}
 m - a potion of haste {unknown}
 t - a potion of invisibility {unknown}


   Skills:
 + Level 3.1 Fighting
 + Level 3.5 Axes
 + Level 2.7 Throwing
 + Level 3.3 Dodging


You had 3 spell levels left.
You didn't know any spells.
Your spell library contained the following spells:

 Spells                   Type           Power      Damage    Failure   Level
 Kiss of Death            Conj/Necr      0%         2d5       47%         1
 Confusing Touch          Hex            0%         N/A       85%         3
 Dispel Undead            Necr           0%         3d6       99%         4


Dungeon Overview and Level Annotations

Branches:
Dungeon (4/15)              Sewer (1/1)
 Temple: D:4-7

Altars:

Annotations:
D:2 Robin


Innate Abilities, Weirdness & Mutations

You cannot be hasted, slowed, berserked, paralysed or teleported.
You can dig through walls and to a lower floor.
You have a pair of large antennae on your head. (SInv)
Your four strong arms can wield two-handed weapons with a shield.


Message History

The river rat bites you.
* * * LOW HITPOINT WARNING * * *
The jackal misses you.
A kobold comes into view. It is wielding a +0 club.
The adder barely misses you.
You barely miss the adder.
The adder is moderately wounded.
The kobold shouts!
You slash the ball python!
You kill the ball python!
You hit the jackal.
You kill the jackal!
You closely miss the river rat. The river rat barely misses you.
The adder bites you but does no damage.
You hit the adder.
The adder is severely wounded.
You hit the river rat.
You kill the river rat!
The adder closely misses you. The adder barely misses you.
You barely miss the adder.
The adder is severely wounded.
The adder barely misses you.
The frilled lizard hisses.
The adder bites you.
* * * LOW HITPOINT WARNING * * *
You closely miss the frilled lizard. You closely miss the adder.
The adder bites you but does no damage. The frilled lizard barely misses you.
You barely miss the adder.
The adder is severely wounded.
You miss the frilled lizard. You slash the rat!
You kill the rat!
The adder bites you but does no damage.
The frilled lizard bites you but does no damage.
The adder misses you. The frilled lizard barely misses you.
You barely miss the adder.
The adder is severely wounded.
You barely miss the frilled lizard. The adder bites you.
* * * LOW HITPOINT WARNING * * *
The frilled lizard bites you.
You die...

#..P..∩∩....#
###.........#
#######P..#
~~~~~~~...#
######...#
#...)..#
##~.~~.##
#####~S~~..#
#..~Kl@..~.#
#.~..#†#~~~~#
....
#~#.~..P# .P.
#~#.~~PP# PP
#~#.~PPP# #
#~#.PP..# ##
###..# ~##


You could see an adder, a kobold and a frilled lizard.

Vanquished Creatures
  An adder (Sewer)
  3 river rats
  A worm (D:1)
  4 ball pythons
  2 endoplasms (D:1)
  A giant cockroach (D:4)
  10 goblins
  3 hobgoblins
  A jackal (Sewer)
  3 kobolds
  A bat (D:1)
  2 frilled lizards
  6 rats
38 creatures vanquished.

Vanquished Creatures (others)
  3 plants (Sewer)
3 creatures vanquished.

Grand Total: 41 creatures vanquished

Notes
Turn   | Place    | Note
-------+----------+-------------------------------------------
     0 | D:1      | Juicyj the Formicid Gladiator began the quest for the Orb.
     0 | D:1      | Reached XP level 1. HP: 16/16 MP: 1/1
   128 | D:1      | Reached XP level 2. HP: 19/23 MP: 2/2
   461 | D:1      | Reached XP level 3. HP: 13/28 MP: 3/3
   936 | D:2      | Noticed Robin
   945 | D:2      | You fall into a shaft and drop 2 floors!
  1243 | D:4      | Found a glowing drain.
  1252 | D:4      | Reached XP level 4. HP: 24/34 MP: 4/4
  1263 | Sewer    | Entered a sewer
  2024 | Sewer    | Slain by a frilled lizard

Illustrated notes

Levels and vault maps discovered:
D:1:      dpeg_arrival_brainrot, layout_loops_ring
D:2:      layout_rooms, chequers_decorated_corner, uniq_robin
D:4:      layout_rooms, portal_sewer_entry_b, serial_shops, shop, uniq_sigmund,
          uniq_blork_the_orc, uniq_grinder
Sewer:    sewer_co_scattered_pipes

Skill      XL: |  1  2  3  4 |
---------------+-------------+-----
Dodging        | 3 |  3.3
Fighting       | 3 |  3.1
Axes           | |  3.5
Throwing       | |  2.7

Action                     |  1- 3 |  4- 6 || total
---------------------------+-------+-------++-------
  Melee: War axe           |    70 |    24 ||    94
         Punch             |       |     1 ||     1
Ability: Shaft Self        |     1 |       ||     1
 Armour: Leather armour    |    21 |     7 ||    28
  Dodge: Dodged            |    51 |    41 ||    92

Table legend: (Time is in decaauts)
 A = Elapsed time spent in this place.
 B = Non-inter-level travel time spent in this place.
 C = Inter-level travel time spent in this place.
 D = Time resting spent in this place.
 E = Time spent auto-exploring this place.
 F = Levels seen in this place.
 G = Mean time per level.
                   A        B        C        D        E       F      G
               +--------+--------+--------+--------+--------+-----+--------+
         Total |   2058 |   1997 |     61 |    798 |    947 |   4 |  514.5 |
       Dungeon |   1289 |   1228 |     61 |     96 |    922 |   3 |  429.7 |
         Sewer |    768 |    768 |      0 |    702 |     25 |   1 |  768.0 |
               +--------+--------+--------+--------+--------+-----+--------+

Top non-repeatable levels by time:
     D:1: 943 daAuts
   Sewer: 768 daAuts
     D:4: 324 daAuts
     D:2: 21 daAuts
